 Dungeon Crawl Stone Soup version 0.23-a0-619-g281719c6f9 (webtiles) character file.

114 LLavrengius the Caller (level 4, -5/35 HPs)
             Began as a Barachi Summoner on Dec 23, 2018.
             Slain by a kobold
             ... wielding a +2 dagger of electrocution
              (12 damage)
             ... on level 3 of the Dungeon.
             The game lasted 00:11:20 (4674 turns).

LLavrengius the Caller (Barachi Summoner)           Turns: 4674, Time: 00:11:21

Health: -5/35      AC:  4    Str:  9    XL:     4   Next: 97%
Magic:  7/8        EV: 12    Int: 16    God:
Gold:   84         SH:  0    Dex: 13    Spells: 3/9 levels left

rFire    . . .     SeeInvis .   t - +0 short sword
rCold    . . .     Gourm    .   (no shield)
rNeg     . . .     Faith    .   k - +0 leather armour
rPois    .         Spirit   .   (no helmet)
rElec    .         Reflect  .   (no cloak)
rCorr    .         Harm     .   g - +0 pair of gloves
MR       .....                  (no boots)
Stlth    ++........             (no amulet)
HPRegen  0.11/turn              (no ring)
MPRegen  0.11/turn              (no ring)

@: lethally poisoned (-5 -> -8), slow
A: +LOS, swims, slowness 1, strong legs 1
a: Hop


You were on level 3 of the Dungeon.
You were not hungry.

You visited 1 branch of the dungeon, and saw 3 of its levels.

You collected 84 gold pieces.

Inventory:

Hand Weapons
 t - a +0 short sword (weapon)
Missiles
 b - 102 stones (quivered)
 e - 29 sling bullets
Armour
 a - a +0 robe
 g - a +0 pair of gloves (worn)
 k - a +0 leather armour (worn)
Scrolls
 f - 3 scrolls of remove curse {unknown}
 j - 2 scrolls of amnesia {unknown}
 l - 2 scrolls of fog {unknown}
 m - 3 scrolls of teleportation {unknown}
 p - a scroll of enchant armour {unknown}
 q - a scroll of noise {unknown}
Potions
 d - a potion of brilliance {unknown}
 h - a potion of curing {unknown}
 n - 2 potions of lignification {unknown}
 o - a potion of invisibility {unknown}
 r - a potion of haste {unknown}
 s - a potion of might {unknown}
Comestibles
 c - 3 rations
 i - 3 chunks of flesh


   Skills:
 + Level 3.3 Fighting
 - Level 2.1 Dodging
 - Level 1.7 Stealth
 - Level 3.0 Spellcasting
 + Level 5.8 Summonings


You had 3 spell levels left.
You knew the following spells:

 Your Spells              Type           Power        Failure   Level  Hunger
a - Summon Small Mammal   Summ           ###.         2%          1    #......
b - Call Imp              Summ           ###.....     3%          2    ##.....
c - Call Canine Familiar  Summ           ###.....     8%          3    ###....

Your spell library contained the following spells:

 Spells                   Type           Power        Failure   Level  Hunger
 Summon Guardian Golem    Hex/Summ       ##......     24%         3    ###....
 Summon Ice Beast         Ice/Summ       ##......     63%         4    #####..
 Summon Lightning Spire   Summ/Air       ##......     63%         4    #####..


Dungeon Overview and Level Annotations

Branches:
Dungeon (3/15)

Altars:


Innate Abilities, Weirdness & Mutations

Shadows flee at your approach. (+LOS)
You can swim through water.
You cover ground slowly.
You can hop short distances.


Message History

You feel sick.
The kobold unwields a +0 blowgun.
The kobold wields a +2 dagger of electrocution.
You hear the crackle of electricity.
The kobold hits you but does no damage.
You closely miss the kobold.
You feel sick. The kobold misses you.
You barely miss the kobold.
The kobold hits you with a +2 dagger of electrocution.
You are electrocuted!
You closely miss the kobold.
You feel sick. The kobold hits you but does no damage.
The kobold hits you with a +2 dagger of electrocution.
You are electrocuted!
* * * LOW HITPOINT WARNING * * *
You are too injured to fight recklessly!
Casting: Call Imp (safe; 3% risk of failure)
Confirm with . or Enter, or press ? or * to list all spells.
The kobold hits you with a +2 dagger of electrocution.
* * * LOW HITPOINT WARNING * * *
You are electrocuted!
You die...

#......# ######.#
########## #.# #........#
#.# #........# #.#
#......(.# #.# #........#
#.# #.......K# #รท#
#.......@# #.#
#.......(### #.#
.......r.'.# #.#
#!.......#.############.#
#........#.#............#
#........#.#.############
#........#.#...#
##########.###.# #.# #.#


You could see a kobold and a friendly rat.

Vanquished Creatures
  An adder (D:3)
  A worm (D:3)
  2 dart slugs
  7 goblins
  4 hobgoblins
  2 jackals (D:2)
  A kobold (D:3)
  3 ball pythons
  5 bats
  3 frilled lizards
  9 rats
38 creatures vanquished.

Vanquished Creatures (collateral kills)
  Natasha (D:2)
  5 adders (D:2)
  5 worms (D:2)
  A leopard gecko (D:3)
  2 orcs (D:3)
  2 goblins (D:1)
  2 hobgoblins
  A jackal (D:2)
  A quokka (D:2)
  A ball python (D:2)
  A frilled lizard (D:3)
22 creatures vanquished.

Grand Total: 60 creatures vanquished

Notes
Turn   | Place    | Note
-------+----------+-------------------------------------------
     0 | D:1      | LLavrengius the Barachi Summoner began the quest for the
                  | Orb.
     0 | D:1      | Reached XP level 1. HP: 13/13 MP: 3/3
   728 | D:1      | Reached skill level 1 in Fighting
   728 | D:1      | Reached XP level 2. HP: 20/21 MP: 5/5
   732 | D:1      | Learned a level 2 spell: Call Imp
  1661 | D:2      | Reached XP level 3. HP: 8/27 MP: 1/7
  2000 | D:2      | Reached skill level 5 in Summonings
  3135 | D:2      | Reached XP level 4. HP: 21/34 MP: 1/8
  3764 | D:2      | Noticed Natasha
  3779 | D:2      | Killed Natasha
  4265 | D:3      | Noticed an ogre
  4457 | D:3      | Learned a level 3 spell: Call Canine Familiar
  4674 | D:3      | Slain by a kobold

Vault maps used:
D:1:      dpeg_arrival_erosion
D:2:      uniq_natasha
D:3:      minmay_ogre_servants

Skill      XL: |  1  2  3  4 |
---------------+-------------+-----
Fighting       | 1 2 3 |  3.3
Spellcasting   | 3 |  3.0
Summonings     | 5 |  5.8
Dodging        | |  2.1
Stealth        | |  1.7

Action                   |  1- 3 |  4- 6 || total
-------------------------+-------+-------++-------
Melee: Club              |    48 |       ||    48
       Unarmed           |     4 |       ||     4
       Dagger            |   109 |    40 ||   149
       Short sword       |       |    55 ||    55
Throw: Stone             |     3 |       ||     3
 Cast: Summon Small Mamm |    29 |    12 ||    41
       Call Imp          |     8 |     4 ||    12
 Stab: Sleeping          |     6 |     1 ||     7
       Distracted        |       |     1 ||     1
  Eat: Chunk             |     8 |     6 ||    14
Armor: Robe              |    41 |     7 ||    48
       Leather armour    |       |     7 ||     7
Dodge: Dodged            |   130 |    55 ||   185

Table legend:
 A = Non-vault XP
 B = Vault XP
 C = Vault XP percentage of total XP
 D = Non-vault monster count
 E = Vault monster count
 F = Vault count percentage of total count
                 A         B        C        D         E       F
            +---------+---------+-------+---------+---------+-------
      Total |     141 |      22 |  13.5 |      57 |       3 |   5.0
            +---------+---------+-------+---------+---------+-------
        D:1 |      22 |       0 |   0.0 |      14 |       0 |   0.0
        D:2 |      88 |      22 |  20.0 |      32 |       3 |   8.6
        D:3 |      31 |       0 |   0.0 |      11 |       0 |   0.0
            +---------+---------+-------+---------+---------+-------
